 Dungeon Crawl Stone Soup version 0.26-a0-466-g989023bd0d (webtiles) character file.

Game seed: 3549037462235593920

113 Infinimo the Magician (level 4, -2/30 HPs)
             Began as a Mummy Fire Elementalist on July 30, 2020.
             Slain by an orc priest
             ... wielding a +0 flail
              (3 damage)
             ... on level 3 of the Dungeon.
             The game lasted 00:02:45 (3174 turns).

Infinimo the Magician (Mummy Fire Elementalist)     Turns: 3174, Time: 00:02:46

Health: -2/30      AC:  3    Str: 11    XL:     4   Next: 65%
Magic:  9/9        EV: 12    Int: 15    God:
Gold:   89         SH:  0    Dex: 12    Spells: 9/10 levels left

rFire    x . .     SeeInvis .   i - +1 long sword (elec)
rCold    + . .     Faith    .   (no shield)
rNeg     + + +     Spirit   .   a - +0 robe
rPois    ∞         Reflect  .   d - +0 helmet
rElec    .         Harm     .   (no cloak)
rCorr    .                      (no gloves)
MR       .....                  (no boots)
Stlth    ++........             (no amulet)
HPRegen  0.10/turn              g - -4 ring of slaying (curse)
MPRegen  0.11/turn              (no ring)

@: no status effects
A: no potions, fire vulnerability, cold resistance 1, negative energy resistance
3, torment resistance, unbreathing
a: no special abilities


You were on level 3 of the Dungeon.
You visited 1 branch of the dungeon, and saw 3 of its levels.

You collected 89 gold pieces.

Inventory:

Hand Weapons
 i - a +1 long sword of electrocution (weapon)
Armour
 a - a +0 robe (worn)
 d - a +0 helmet (worn)
Jewellery
 b - an uncursed ring of fire
 e - an uncursed amulet of reflection {unknown}
 g - a cursed -4 ring of slaying (left hand)
Scrolls
 c - 2 scrolls of identify
 f - 3 scrolls of teleportation


   Skills:
 - Level 1.9 Dodging
 - Level 2.0 Stealth
 + Level 3.6 Spellcasting
 * Level 2.1 Conjurations
 * Level 3.2 Fire Magic


You had 9 spell levels left.
You knew the following spells:

 Your Spells              Type           Power        Failure   Level
a - Foxfire               Conj/Fire      ##..         6%          1

Your spell library contained the following spells:

 Spells                   Type           Power        Failure   Level
 Conjure Flame            Conj/Fire      ##......     19%         3
 Inner Flame              Hex/Fire       #.......     28%         3
 Sticky Flame             Conj/Fire      ##......     54%         4
 Fireball                 Conj/Fire      ##........   87%         5


Dungeon Overview and Level Annotations

Branches:
Dungeon (3/15)

Altars:


Innate Abilities, Weirdness & Mutations

You do not drink.
Your flesh is vulnerable to fire.
You are immune to poison.
Your flesh is cold resistant. (rC+)
You are immune to negative energy. (rN+++)
You are immune to unholy pain and torment.
You can survive without breathing.


Message History

You are too injured to fight recklessly!
Lightning courses through the orc!
You kill the orc!
You start resting.
An orc priest is nearby!
An orc priest comes into view. It is wielding a +0 flail.
Lightning courses through the orc priest!
You kill the orc priest!
Your Conjurations skill increases to level 2!
There is an escape hatch in the floor here.
You start resting.
An orc priest is nearby!
The orc priest mumbles some strange prayers to Beogh against you.
Beogh smites you!
* * * LOW HITPOINT WARNING * * *
The orc priest is lightly wounded.
Lightning courses through the orc priest!
The orc priest is almost dead.
The orc priest hits you with a +0 flail.
You die...

### #.# #..
... #.####.#
#.##....
#.##.#o#
#.##o#.#
#.##.#)#
###@##.#.####
#...o..)....#
#.#.#.#####.#
#.#.#.# #
#.#.#.#
#.#.#.#
#.#.#(#
#.#.#..
#.#.###


You could see an orc priest.

Vanquished Creatures
  An orc priest (D:3)
  Robin (D:2)
  2 adders
  An ooze (D:2)
  A dart slug (D:3)
  A leopard gecko (D:2)
  3 orcs (D:3)
  2 ball pythons
  4 bats
  4 giant cockroaches
  7 goblins
  2 hobgoblins
  A quokka (D:3)
  A frilled lizard (D:2)
  7 kobolds
  5 rats
43 creatures vanquished.

Vanquished Creatures (others)
  164 foxfires
164 creatures vanquished.

Grand Total: 207 creatures vanquished

Notes
Turn   | Place    | Note
-------+----------+-------------------------------------------
     0 | D:1      | Infinimo the Mummy Fire Elementalist began the quest for
                  | the Orb.
     0 | D:1      | Reached XP level 1. HP: 13/13 MP: 4/4
   316 | D:1      | You fall into a shaft and drop 1 floor!
   584 | D:1      | Reached skill level 1 in Conjurations
   682 | D:1      | Reached XP level 2. HP: 19/19 MP: 1/5
  1392 | D:2      | Reached XP level 3. HP: 24/24 MP: 0/7
  2006 | D:2      | Noticed Robin
  2069 | D:2      | Killed Robin
  2755 | D:3      | Reached XP level 4. HP: 28/30 MP: 9/9
  3172 | D:3      | HP: 1/30 [orc priest/divine providence (14)]
  3174 | D:3      | Slain by an orc priest

Illustrated notes

Levels and vault maps discovered:
D:1:      dpeg_arrival_simpleton_c, layout_basic,
          hangedman_abyss_or_decor_lesser_grid
D:2:      layout_basic, uniq_robin
D:3:      lemuel_upstairs_altar, layout_loops_ring, minmay_fountain_box,
          grunt_decor_resistance

Skill      XL: |  1  2  3  4 |
---------------+-------------+-----
Conjurations   | 1 2 |  2.1
Spellcasting   | 3 |  3.6
Stealth        | 2 |  2.0
Fire Magic     | 3 |  3.2
Dodging        | |  1.9

Action                   |  1- 3 |  4- 6 || total
-------------------------+-------+-------++-------
Melee: Long sword        |     3 |    27 ||    30
       Unarmed           |     2 |       ||     2
 Cast: Foxfire           |   108 |       ||   108
  Use: Scroll            |     5 |       ||     5
 Stab: Sleeping          |       |     2 ||     2
Armor: Robe              |     2 |     6 ||     8
Dodge: Dodged            |    13 |    15 ||    28
       Rpst.: Long sword |     1 |     6 ||     7

Table legend: (Time is in decaauts)
 A = Elapsed time spent in this place.
 B = Non-inter-level travel time spent in this place.
 C = Inter-level travel time spent in this place.
 D = Time resting spent in this place.
 E = Time spent auto-exploring this place.
 F = Levels seen in this place.
 G = Mean time per level.
                   A        B        C        D        E       F      G
               +--------+--------+--------+--------+--------+-----+--------+
         Total |   3184 |   2907 |    277 |      4 |   2559 |   3 | 1061.3 |
       Dungeon |   3184 |   2907 |    277 |      4 |   2559 |   3 | 1061.3 |
               +--------+--------+--------+--------+--------+-----+--------+

Top non-repeatable levels by time:
     D:2: 1566 daAuts
     D:1: 1183 daAuts
     D:3: 434 daAuts
